 Dungeon Crawl Stone Soup version 0.20-a0-270-g8e735b6 (webtiles) character file.

244 Leibowitz the Cutter (level 5, -5/41 HPs)
             Began as a Demigod Gladiator on Dec 10, 2016.
             Slain by an orc
             ... wielding a +0 mace
              (6 damage)
             ... on level 4 of the Dungeon.
             The game lasted 00:07:22 (3531 turns).

Leibowitz the Cutter (Demigod Gladiator)            Turns: 3531, Time: 00:07:22

Health: -5/41      AC:  5    Str: 18    XL:     5   Next: 52%
Magic:  7/7        EV: 14    Int: 12    God:
Gold:   159        SH:  0    Dex: 18    Spells: 4/4 levels left

rFire  . . .     SeeInvis .     a - +0 rapier
rCold  . . .     Gourm    .     b - +0 leather armour
rNeg   . . .     Faith    .     (no shield)
rPois  +         Spirit   .     c - +1 helmet
rElec  .         Reflect  .     (no cloak)
rCorr  .         Harm     .     (no gloves)
MR     .....                    (no boots)
Stlth  ++........               (no amulet)
                                (no ring)
                                v - ring of poison resistance

@: no status effects
A: high mp 1
a: no special abilities


You were on level 4 of the Dungeon.
You were very hungry.

You visited 1 branch of the dungeon, and saw 4 of its levels.

You collected 159 gold pieces.

Inventory:

Hand Weapons
 a - a +0 rapier (weapon)
Missiles
 d - 3 throwing nets (quivered)
Armour
 b - a +0 leather armour (worn)
 c - a +1 helmet (worn)
Jewellery
 v - a ring of poison resistance (left hand)
Wands
 s - a wand of teleportation (2/9)
 A - a wand of confusion (24/48)
Scrolls
 e - 2 scrolls of identify
 h - 2 scrolls of enchant armour
 p - a scroll of amnesia
 u - a scroll of teleportation
 w - a scroll of noise {unknown}
 x - 2 scrolls of fear {unknown}
 y - a scroll of blinking {unknown}
 B - a scroll of recharging {unknown}
Potions
 g - 2 potions of flight {unknown}
 i - 4 potions of degeneration {unknown}
 k - a potion of heal wounds {unknown}
 m - a potion of ambrosia {unknown}
 q - 2 potions of brilliance {unknown}
 r - 2 potions of curing {unknown}
 t - a potion of lignification {unknown}
 z - 2 potions of resistance {unknown}
Comestibles
 f - 2 bread rations
 j - 2 meat rations
 l - 5 fruits
 n - 2 royal jellies
 o - 2 beef jerkies


   Skills:
 + Level 2.2 Fighting
 + Level 4.5 Short Blades
 + Level 2.0 Throwing
 + Level 2.0 Armour
 + Level 3.5 Dodging
 + Level 0.6 Stealth


You had 4 spell levels left.
You didn't know any spells.

Dungeon Overview and Level Annotations

Branches:
Dungeon (4/15)
 Temple: D:4-7


Innate Abilities, Weirdness & Mutations

You have an increased reservoir of magic. (+10% MP)


Message History

You closely miss the orc. The orc barely misses you.
You closely miss the orc. The orc hits you with a mace!
* * * LOW HITPOINT WARNING * * *
You hit the orc but do no damage. The orc closely misses you.
You barely miss the orc. You completely miss the orc.
The orc completely misses you.
You hit the orc but do no damage. The orc barely misses you.
You hit the orc.
The orc is severely wounded.
The orc closely misses you.
You barely miss the orc.
The orc is severely wounded.
The orc hits you with a mace!
* * * LOW HITPOINT WARNING * * *
You closely miss the orc.
The orc is severely wounded.
You barely miss the orc.
The orc is severely wounded.
The orc hits you with a mace.
You die...

#...........#
.###...........##.......
..................Z....
# #........#.####.......
#.##........#.# .o.....
...........#.# .......
..#........#.. ..Z....
#.#........######.......
#.###......)@oZ).....#
#.###.################
#.#...# #.#...# #.....#
##....# #####..#.#
#...##.#+######
#.............#


You could see an orc and a leopard gecko skeleton.

Vanquished Creatures
  2 orc priests
  An orc wizard (D:4)
  A worker ant (D:4)
  A hound skeleton (D:4)
  3 adders
  An ooze (D:1)
  2 worms
  3 dart slugs
  3 leopard geckos
  7 orcs (D:3)
  2 ball pythons
  2 giant cockroaches
  7 goblins
  11 hobgoblins
  4 kobolds
  A quokka (D:3)
  11 bats
  3 frilled lizards
  8 rats
73 creatures vanquished.

Notes
Turn   | Place    | Note
-------+----------+-------------------------------------------
     0 | D:1      | Leibowitz the Demigod Gladiator began the quest for the Orb.
     0 | D:1      | Reached XP level 1. HP: 17/17 MP: 3/3
   182 | D:1      | Reached XP level 2. HP: 24/24 MP: 4/4
   393 | D:1      | Reached skill level 3 in Short Blades
   859 | D:2      | HP: 1/24 [hobgoblin (4)]
   862 | D:2      | Reached XP level 3. HP: 2/29 MP: 5/5
  1432 | D:2      | Found a sacrificial altar of Ru.
  1496 | D:2      | Found a shattered altar of Ashenzari.
  1744 | D:2      | Found a glowing golden altar of the Shining One.
  2097 | D:3      | Reached skill level 1 in Armour
  2128 | D:3      | Found a white marble altar of Elyvilon.
  2177 | D:3      | Reached XP level 4. HP: 36/36 MP: 6/6
  2841 | D:3      | Reached skill level 4 in Short Blades
  3184 | D:4      | Found a hazy altar of Hepliaklqana.
  3327 | D:4      | Reached XP level 5. HP: 26/41 MP: 7/7
  3529 | D:4      | HP: 1/41 [orc/mace (8)]
  3531 | D:4      | Slain by an orc

Vault maps used:
D:1:      evilmike_arrival_crescent
D:2:      tso_altar, nicolae_overflow_crystal_walls, ashenzari_altar_1
D:3:      overflow_temple_1_default, amethyst_killhole
D:4:      grunt_gozag_breadcrumbs, old_standard_altar

Skill      XL: |  1  2  3  4  5 |
---------------+----------------+-----
Fighting       | 2 |  2.2
Short Blades   | 3 4 |  4.5
Throwing       | 2 |  2.0
Dodging        | 3 |  3.5
Armour         | 1 2 |  2.0
Stealth        | |  0.6

Action                   |  1- 3 |  4- 6 || total
-------------------------+-------+-------++-------
Melee: Rapier            |   146 |   123 ||   269
  Use: Scroll            |     3 |     4 ||     7
 Stab: Sleeping          |     3 |     1 ||     4
  Eat: Chunk             |     4 |     3 ||     7
Armor: Leather armour    |    42 |    34 ||    76
Dodge: Dodged            |   108 |    93 ||   201
